 Dungeon Crawl Stone Soup version 0.27-a0-1332-g84bddb5ca7 (webtiles) character file.

Game seed: 10387407689581389972

47264 pyrow613 the Spear-Bearer (level 13, -6/174 HPs)
             Began as a Demigod Fighter on June 25, 2021.
             Mangled by a death yak simulacrum (13 damage)
             ... on level 6 of the Lair of Beasts.
             The game lasted 00:47:19 (18593 turns).

pyrow613 the Spear-Bearer (Demigod Fighter)        Turns: 18593, Time: 00:47:20

Health: -6/174     AC: 22    Str: 35    XL:     13   Next: 70%
Magic:  0/21       EV:  8    Int: 10    God:
Gold:   886        SH: 13    Dex: 17    Spells: 6/17 levels left

rFire    + . .     SeeInvis .   a - +12 demon trident "Emem" {venom, Will+}
rCold    . . .     Faith    .   c - +0 kite shield
rNeg     . . .     Spirit   +   x - +4 chain mail {rF+}
rPois    +         Reflect  .   (no helmet)
rElec    .         Harm     .   j - scarf {repulsion}
rCorr    .         Rampage  .   e - +2 pair of gloves
Will     ++...                  s - +2 pair of boots
Stlth    ..........             R - amulet of guardian spirit
HPRegen  0.39/turn              C - ring of poison resistance
MPRegen  0.17/turn              i - +6 ring of strength

@: berserking (expiring), repel missiles, very quick
A: high mp 1, forlorn
a: no special abilities


You were on level 6 of the Lair of Beasts.
You visited 2 branches of the dungeon, and saw 16 of its levels.
You also visited: Ossuary and Volcano.

You collected 1000 gold pieces.
You spent 114 gold pieces at shops.

Inventory:

Hand Weapons
 a - the +12 demon trident "Emem" (weapon) {venom, Will+}
   (You acquired it on level 7 of the Dungeon)

   It poisons the flesh of those it strikes.
   It increases your willpower.
 b - a +1 fustibalus of flaming
 E - the +3 Elemental Staff {rElec rF++ rC++ Will++ AC+5}
   (You acquired it on level 7 of the Dungeon)

   It affects your AC (+5).
   It greatly protects you from fire.
   It greatly protects you from cold.
   It insulates you from electricity.
   It greatly increases your willpower.
Missiles
 f - 524 stones
 k - 116 sling bullets
 n - 37 poisoned darts (quivered)
 L - a throwing net
Armour
 c - a +0 kite shield (worn)
 e - a +2 pair of gloves (worn)
 j - a scarf of repulsion (worn)
 s - a +2 pair of boots (worn)
 x - a +4 chain mail of fire resistance (worn)
Jewellery
 i - a +6 ring of strength (right hand)
 r - an amulet of reflection
 C - a ring of poison resistance (left hand)
 K - a ring of protection from cold
 R - an amulet of guardian spirit (around neck)
 T - a ring of protection from cold
 U - a ring of resist corrosion
 X - the ring "Utico" {rPois Will++ Stlth+}
   (You found it on level 6 of the Lair of Beasts)

   [ring of poison resistance]

   It protects you from poison.
   It greatly increases your willpower.
   It makes you more stealthy.
Wands
 v - a wand of mindburst (5)
 F - a wand of flame (18)
 I - a wand of digging (9)
 Q - a wand of acid (6)
Scrolls
 h - 3 scrolls of brand weapon
 l - a scroll of enchant weapon
 m - 2 scrolls of identify
 o - 5 scrolls of amnesia
 q - 3 scrolls of teleportation
 w - 4 scrolls of fear
 y - a scroll of vulnerability {unknown}
 z - 3 scrolls of immolation
 A - 3 scrolls of magic mapping
 H - a scroll of enchant armour
 J - 4 scrolls of blinking {unknown}
 M - 2 scrolls of summoning {unknown}
 O - 3 scrolls of noise {unknown}
 S - a scroll of fog {unknown}
Potions
 d - 2 potions of lignification
 g - 6 potions of curing
 p - 5 potions of brilliance
 t - a potion of resistance
 u - 4 potions of heal wounds
 B - 3 potions of invisibility
 D - 3 potions of flight
 G - 2 potions of attraction {unknown}
 N - a potion of magic {unknown}
 P - a potion of haste {unknown}
 V - 2 potions of berserk rage
 W - a potion of might


   Skills:
 + Level 11.3 Fighting
 + Level 12.8 Polearms
 - Level 9.3 Armour
 - Level 9.3 Shields
 + Level 2.9 Spellcasting
 + Level 3.4 Conjurations
 + Level 3.4 Fire Magic
 + Level 3.4 Ice Magic
 + Level 3.3 Air Magic
 + Level 3.4 Poison Magic


You had 6 spell levels left.
You knew the following spells:

 Your Spells              Type           Power      Damage    Failure   Level
a - Conjure Flame         Conj/Fire      8%         6-21      82%         3
b - Mephitic Cloud        Conj/Pois/Air  8%         N/A       83%         3
c - Freezing Cloud        Conj/Ice/Air   4%         6-21      100%        5

Your spell library contained the following spells:

 Spells                   Type           Power      Damage    Failure   Level
 Poisonous Vapours        Pois/Air       16%        N/A       58%         2


Dungeon Overview and Level Annotations

Branches:
Dungeon (10/15)            Temple (0/1) D:7            Lair (6/6) D:8
  Swamp (0/4) Lair:2       Spider (0/4) Lair:3        Slime (0/5) Lair:6
    Orc (0/2) D:9         Ossuary (visited)         Volcano (visited)

Shops:
D:2 (   D:5 ?   D:7 =

Annotations:
D:2 1 runed translucent door, Crazy Yiuf
D:3 Ijyb
Lair:4 1 runed translucent door, Katiloc's ghost, journeyman MfGl


Innate Abilities, Weirdness & Mutations

Your attributes grow dramatically as you level up.
You have an increased reservoir of magic. (+10% MP)
You shall have no god before yourself.


Message History

The cane toad simulacrum hits you. The cane toad simulacrum freezes you!
* * * LOW HITPOINT WARNING * * *
You puncture the elephant!
The elephant is moderately wounded.
You impale the elephant!!
The elephant looks as sick as possible!
The elephant is severely wounded.
The elephant closely misses you. You block the elephant's attack.
The cane toad simulacrum hits you but does no damage.
You block the elephant's attack.
The elephant trunk-slaps you but does no damage.
You impale the elephant!!
The elephant looks as sick as possible!
The elephant is almost dead.
You kill the elephant!
A freezing mist starts to gather...
An elephant simulacrum comes into view.
You barely miss the cane toad simulacrum.
The elephant tramples you!
* * * LOW HITPOINT WARNING * * *
You hold your ground!
You block the elephant's attack.
You block the cane toad simulacrum's attack.
You impale the elephant!!
You kill the elephant!
A freezing mist starts to gather...
An elephant simulacrum comes into view.
The death yak simulacrum gores you!
* * * LOW HITPOINT WARNING * * *
The death yak simulacrum freezes you!!
* * * LOW HITPOINT WARNING * * *
Your life force feels restored.
You are too berserk!
You are too injured to fight recklessly!
You impale the elephant simulacrum!!
The elephant simulacrum vapourises!
The cane toad simulacrum hits you but does no damage.
You impale the cane toad simulacrum!!
The cane toad simulacrum vapourises!
The death yak simulacrum gores you.
* * * LOW HITPOINT WARNING * * *
The death yak simulacrum freezes you!
You die...

***** ***********
*,*,*****,,*,,*,,,**
**,,,,**,,,,,,,,,,,**
...........,,,,,,,,,*
.[........****,,*,,**
.........####****,,,*
........♣#8=8* ♣♣♣,**
........##..Y* ♣8♣♣*
........##...*♣#@.♣♣
........##...*♣Z☼○8♣
....<...##...##.8.♣♣
........♣#...††Z.##
.........#####.#.#
.........♣* #....#
.........P♣ #.##.#
..........♣##.#..#
..........♣#..#..#


You could see a death yak simulacrum and an elephant simulacrum.

Vanquished Creatures
  A dire elephant (Lair:6)
  Josephine (Lair:4)
  7 hydras
  A boulder beetle (Lair:4)
  Erica (D:8)
  An ogre mage (Volcano)
  5 two-headed ogres (Volcano)
  A hell knight (Volcano)
  A bog body (Lair:2)
  A lindwurm (Lair:4)
  A necromancer (Lair:6)
  4 oklob plants (Lair:4)
  11 elephants (Lair:6)
  Joseph (D:8)
  A black mamba (Lair:3)
  Maggie (D:8)
  A dire elephant zombie (Lair:6)
  13 cane toads
  A kobold demonologist (D:9)
  2 rime drakes
  8 komodo dragons
  3 polar bears
  2 spectral elephants (Lair:6)
  5 slime creatures (D:9)
  22 blink frogs
  Sigmund (D:5)
  2 shadows (D:9)
  31 yaks
  4 wraiths (Lair:4)
  4 wyverns
  A basilisk (Lair:4)
  2 steam dragons
  2 acid dragons
  2 swamp worms (Lair:2)
  15 water moccasins
  A black bear (Lair:3)
  2 ice beasts
  5 orc warriors
  A hornet zombie (Ossuary)
  An elephant zombie (Lair:6)
  2 necrophages
  2 ogres
  5 centaurs
  12 wolves
  An elephant skeleton (Lair:6)
  A kobold brigand (D:7)
  10 bullfrogs
  3 cane toad simulacra (Lair:6)
  4 wyvern zombies
  2 scorpions
  2 water moccasin zombies (Ossuary)
  A wyvern skeleton (D:7)
  10 killer bees
  An elephant simulacrum (Lair:6)
  8 wights (D:8)
  4 electric eels
  2 howler monkeys (D:8)
  5 centaur zombies
  5 bullfrog zombies (Ossuary)
  A jelly (D:5)
  4 orc priests (D:9)
  2 hounds
  7 mummies (Ossuary)
  3 bullfrog skeletons
  Jessica (D:2)
  2 centaur skeletons
  2 orc wizards (D:9)
  An iguana (D:4)
  6 hell rats (Lair:6)
  4 killer bee zombies (Ossuary)
  A hound skeleton (D:4)
  4 howler monkey zombies
  Robin (D:3)
  3 gnolls (D:4)
  2 adders (D:4)
  3 white imps
  An ufetubus (D:5)
  2 worms
  A dart slug (D:5)
  18 orcs
  4 ball pythons
  6 endoplasms
  A giant cockroach (D:4)
  15 goblins
  5 hobgoblins
  13 kobolds
  2 quokkas
  3 bats
  3 frilled lizards
  A jackal skeleton (D:4)
  3 rats
375 creatures vanquished.

Vanquished Creatures (others)
  An orc (D:9)
  A kobold (D:7)
  27 fungi
  67 plants
  21 withered plants
117 creatures vanquished.

Grand Total: 492 creatures vanquished

Notes
Turn   | Place    | Note
-------+----------+-------------------------------------------
     0 | D:1      | pyrow613 the Demigod Fighter began the quest for the Orb.
     0 | D:1      | Reached XP level 1. HP: 18/18 MP: 3/3
   788 | D:1      | Reached XP level 2. HP: 20/25 MP: 4/4
  1316 | D:2      | Reached skill level 2 in Polearms
  1402 | D:2      | Found Paplyt's Antique Weapon Boutique.
  1685 | D:2      | Noticed Jessica
  1699 | D:2      | Killed Jessica
  1700 | D:2      | Reached XP level 3. HP: 27/31 MP: 5/5
  1826 | D:2      | Found a runed translucent door.
  1827 | D:2      | Noticed Crazy Yiuf
  1856 | D:3      | Noticed Robin
  1868 | D:3      | Killed Robin
  1869 | D:3      | Noticed Ijyb
  1905 | D:3      | HP: 1/31 [Ijyb (4)]
  2089 | D:3      | Reached XP level 4. HP: 19/38 MP: 6/6
  2410 | D:3      | Noticed a centaur
  2823 | D:4      | Reached skill level 3 in Polearms
  2948 | D:4      | Reached XP level 5. HP: 36/46 MP: 7/7
  3941 | D:5      | Entered Level 5 of the Dungeon
  4012 | D:5      | Reached XP level 6. HP: 50/52 MP: 8/8
  4132 | D:5      | Found a sand-covered staircase.
  4138 | Ossuary  | Entered an ossuary
  4163 | Ossuary  | Reached skill level 4 in Polearms
  4419 | Ossuary  | Reached XP level 7. HP: 50/60 MP: 9/9
  4426 | Ossuary  | Reached skill level 5 in Fighting
  4679 | Ossuary  | Reached skill level 5 in Polearms
  5189 | Ossuary  | Reached XP level 8. HP: 62/70 MP: 10/10
  5767 | D:5      | Found Zugiptuegg's Magic Scroll Emporium.
  5777 | D:5      | Bought a scroll of identify for 24 gold pieces
  5777 | D:5      | Bought a scroll of enchant armour for 90 gold pieces
  5784 | D:5      | Noticed Sigmund
  5793 | D:5      | Killed Sigmund
  6099 | D:6      | Reached skill level 6 in Polearms
  6508 | D:6      | Reached skill level 5 in Armour
  6537 | D:6      | Reached skill level 5 in Shields
  7068 | D:7      | Found Ydyfih's Jewellery Boutique.
  7522 | D:7      | Reached XP level 9. HP: 79/79 MP: 11/11
  7863 | D:7      | Identified 2 scrolls of acquirement
  7866 | D:7      | Acquired the +3 Elemental Staff {rElec rF++ rC++ Will++
                  | AC+5}
  7867 | D:7      | Found the +3 Elemental Staff {rElec rF++ rC++ Will++ AC+5}
  7867 | D:7      | Acquired the +12 demon trident "Emem" {venom, Will+}
  7878 | D:7      | Found a staircase to the Ecumenical Temple.
  8114 | D:8      | Reached skill level 7 in Polearms
  8134 | D:8      | HP: 3/79 [acid (10)]
  8631 | D:8      | Noticed Maggie
  8788 | D:8      | Noticed Joseph
  8810 | D:8      | Killed Joseph
  9019 | D:8      | Reached skill level 8 in Polearms
  9029 | D:8      | Noticed Erica
  9040 | D:8      | Killed Erica
  9041 | D:8      | Reached XP level 10. HP: 90/90 MP: 13/13
  9075 | D:8      | Killed Maggie
  9301 | D:8      | Found a staircase to the Lair.
  9669 | D:9      | Reached skill level 9 in Polearms
  9830 | D:9      | Found a staircase to the Orcish Mines.
 10457 | D:9      | Noticed a sun demon
 10644 | D:9      | Reached XP level 11. HP: 93/97 MP: 14/14
 10832 | D:10     | Entered Level 10 of the Dungeon
 10900 | Lair:1   | Entered Level 1 of the Lair of Beasts
 10946 | Lair:1   | Noticed a four-headed hydra
 11037 | Lair:1   | Killed a four-headed hydra
 11038 | Lair:1   | Reached skill level 10 in Polearms
 12475 | Lair:2   | Reached skill level 10 in Fighting
 12484 | Lair:2   | Reached skill level 11 in Polearms
 12537 | Lair:2   | Noticed an eight-headed hydra
 12543 | Lair:2   | Killed an eight-headed hydra
 12698 | Lair:2   | Noticed a five-headed hydra
 12704 | Lair:2   | Killed a five-headed hydra
 12872 | Lair:2   | Found a staircase to the Swamp.
 12872 | Lair:2   | Noticed a bog body
 12884 | Lair:2   | Killed a bog body
 13000 | Lair:3   | Reached XP level 12. HP: 84/106 MP: 15/15
 13134 | Lair:3   | Found a hole to the Spider Nest.
 14116 | Lair:4   | Noticed Josephine
 14143 | Lair:4   | Killed Josephine
 14315 | Lair:4   | Noticed a boulder beetle
 14335 | Lair:4   | Killed a boulder beetle
 14336 | Lair:4   | Reached skill level 12 in Polearms
 15195 | Lair:4   | Found a runed translucent door.
 15196 | Lair:4   | Noticed Katiloc's ghost (journeyman MfGl)
 15637 | Lair:5   | Noticed a six-headed hydra
 15643 | Lair:5   | Killed a six-headed hydra
 15781 | Lair:5   | Learned a level 3 spell: Conjure Flame
 15785 | Lair:5   | Learned a level 3 spell: Mephitic Cloud
 15791 | Lair:5   | Learned a level 5 spell: Freezing Cloud
 16239 | Lair:5   | Noticed a five-headed hydra
 16248 | Lair:5   | Killed a five-headed hydra
 16664 | Lair:6   | Entered Level 6 of the Lair of Beasts
 16669 | Lair:6   | Noticed a six-headed hydra
 16674 | Lair:6   | Killed a six-headed hydra
 16675 | Lair:6   | Reached skill level 1 in Fire Magic
 16699 | Lair:6   | Reached skill level 1 in Conjurations
 16703 | Lair:6   | Reached skill level 1 in Ice Magic
 16703 | Lair:6   | Reached skill level 1 in Air Magic
 16703 | Lair:6   | Reached skill level 1 in Poison Magic
 16741 | Lair:6   | Reached skill level 1 in Spellcasting
 16761 | Lair:6   | Reached XP level 13. HP: 110/116 MP: 18/18
 16778 | Lair:6   | Found a dark tunnel.
 16783 | Volcano  | Entered a volcano
 17485 | Lair:6   | Noticed a dire elephant
 17512 | Lair:6   | Killed a dire elephant
 17649 | Lair:6   | Found a staircase to the Slime Pits.
 18425 | Lair:6   | Identified the ring "Utico" {rPois Will++ Stlth+}
 18490 | Lair:6   | Noticed a dire elephant
 18490 | Lair:6   | Noticed a dire elephant
 18491 | Lair:6   | Noticed a dire elephant
 18593 | Lair:6   | HP: 7/174 [death yak simulacrum (4)]
 18593 | Lair:6   | Mangled by a death yak simulacrum

Illustrated notes

Levels and vault maps discovered:
D:1:      psy_arrival_spokes, layout_basic,
          hellmonk_ecumenical_altar_heavens_door
D:2:      layout_loops_ring, serial_shops, shop, uniq_jessica,
          uniq_crazy_yiuf_cottage
D:3:      layout_basic, chequers_temple_overflow_statue_of_worship, uniq_ijyb,
          uniq_robin
D:4:      layout_rooms, serial_corexii_hall, corexii_hall_statues_t,
          corexii_hall_statues_x, hangedman_decor_peaks_small,
          amcnicky_mini_rare_corridor_liquid, minmay_circle_x
D:5:      layout_basic, enter_ossuary_2, serial_shops, nicolae_shop_trees,
          chequers_avenue, minmay_misc_feat_hallway, nrook_mini_vaults,
          minmay_strange_pillars, uniq_sigmund
D:6:      layout_loops_ring, slow_altar_2, serial_co_window_serial,
          co_window_paths_a, co_window_of_opportunity_a, co_window_paths_a,
          co_window_corner_a, co_window_corner_a, co_window_paths_b,
          co_window_paths_a, co_window_of_opportunity_c, co_window_broadway_c,
          co_window_2corner, glass_columns_c, glass_columns_c
D:7:      layout_basic, tso_altar, minmay_temple_entry_nine_rooms, serial_shops,
          nicolae_shop_statue_plus
D:8:      layout_cave_pools, david_lair_shrubbed, st_stairs_10,
          kennysheep_generic_room_16, uniq_joseph, uniq_maggie, uniq_erica
D:9:      layout_long_grid, lemuel_round_altar, minmay_orc_entry_temple_large,
          nicolae_straight_to_the_point
D:10:     layout_stronghold, gammafunk_temple_overflow_statue, kennysheep_path_1
Lair:1:   layout_long_grid
Lair:2:   layout_regular_city, nicolae_swamp_entry_splash_gauntlet, basic_altar,
          beast_lair_carwin_1
Lair:3:   layout_regular_city, spider_nest_entry_web_field
Lair:4:   layout_regular_city, gammafunk_ghost_grave, gauntlet_entry_generic,
          minmay_lair_oklob_chamber, lemuel_fruit_tree, uniq_josephine
Lair:5:   layout_cave_pods, serial_bayou_shore_b
Lair:6:   due_jungle_book, layout_regular_city, slime_dummy, enter_volcano_4,
          serial_bayou_shore_a

Skill      XL: |  1  2  3  4  5  6  7  8  9 10 11 12 13 |
---------------+----------------------------------------+-----
Fighting       | 3 4 5 7 8 9 10 11 | 11.3
Polearms       | 2 3 4 5 6 8 9 11 12 | 12.8
Armour         | 3 4 5 6 7 8 9 |  9.3
Shields        | 3 4 5 6 7 8 9 |  9.3
Fire Magic     | 1 3 |  3.4
Conjurations   | 1 3 |  3.4
Ice Magic      | 1 3 |  3.4
Air Magic      | 1 3 |  3.3
Poison Magic   | 1 3 |  3.4
Spellcasting   | 1 2 |  2.9

Action                   |  1- 3 |  4- 6 |  7- 9 | 10-12 | 13-15 || total
-------------------------+-------+-------+-------+-------+-------++-------
Melee: Trident           |   124 |   153 |   335 |       |       ||   612
       Demon trident     |       |       |    61 |   498 |   252 ||   811
 Fire: Hunting sling     |       |       |     3 |       |       ||     3
       Fustibalus        |       |       |       |       |     2 ||     2
Throw: Dart              |     9 |    23 |    21 |     9 |     2 ||    64
  Use: Potion            |     4 |       |     5 |     2 |     3 ||    14
       Scroll            |     1 |     1 |    12 |     2 |       ||    16
Armor: Scale mail        |    53 |    62 |   108 |     3 |       ||   226
       Plate armour      |       |       |       |   152 |     2 ||   154
       Chain mail        |       |       |       |       |   102 ||   102
Dodge: Dodged            |    46 |    53 |    95 |    66 |    57 ||   317
       Repelled          |       |       |       |     7 |     1 ||     8
Block: Kite shield       |    65 |   100 |   324 |   265 |   125 ||   879
       Reflection        |       |       |    22 |     3 |       ||    25

Table legend: (Time is in decaauts)
 A = Elapsed time spent in this place.
 B = Non-inter-level travel time spent in this place.
 C = Inter-level travel time spent in this place.
 D = Time resting spent in this place.
 E = Time spent auto-exploring this place.
 F = Levels seen in this place.
 G = Mean time per level.
                   A        B        C        D        E       F      G
               +--------+--------+--------+--------+--------+-----+--------+
         Total |  18730 |  18254 |    476 |   4638 |  10411 |  18 | 1040.6 |
       Dungeon |   9953 |   9616 |    337 |   2279 |   5664 |  10 |  995.3 |
          Lair |   6812 |   6673 |    139 |   1451 |   4216 |   6 | 1135.3 |
       Ossuary |   1314 |   1314 |      0 |    739 |    178 |   1 | 1314.0 |
       Volcano |    649 |    649 |      0 |    168 |    353 |   1 |  649.0 |
               +--------+--------+--------+--------+--------+-----+--------+

Top non-repeatable levels by time:
  Lair:4: 1756 daAuts
     D:4: 1557 daAuts
     D:7: 1530 daAuts
     D:9: 1373 daAuts
 Ossuary: 1314 daAuts
  Lair:6: 1211 daAuts
     D:1: 1200 daAuts
     D:8: 1197 daAuts
  Lair:2: 1140 daAuts
  Lair:5: 1043 daAuts
     D:5: 945 daAuts
     D:6: 870 daAuts
  Lair:3: 857 daAuts
  Lair:1: 803 daAuts
     D:2: 691 daAuts
